 Dungeon Crawl Stone Soup version 0.31.0-1-g2c135a008e (webtiles) character file.

Game seed: 7836829094540965087

3395 Peloso the Carver (level 9, -7/81 HPs)
             Began as a Minotaur Fighter on Jan 20, 2024.
             Was a Priest of Okawaru.
             Mangled by Erica
             ... wielding a +3 scimitar of flaming
              (17 damage)
             ... on level 8 of the Dungeon.
             The game lasted 00:11:12 (6210 turns).

Peloso the Carver (Minotaur Fighter)                Turns: 6210, Time: 00:11:12

Health: -7/81      AC: 16    Str: 21    XL:     9   Next: 75%
Magic:  5/8        EV:  6    Int:  5    God:    Okawaru [***...]
Gold:   337        SH: 12    Dex: 14    Spells: 8/8 levels left

rFire   . . .        a - +0 scimitar
rCold   + . .        d - +0 kite shield
rNeg    . . .        A - +0 plate armour
rPois   .            (helmet restricted)
rElec   .            (no cloak)
rCorr   +            (no gloves)
SInv    .            (no boots)
Will    .....        t - amulet of regeneration Stlth
                     e - ring of resist corrosion
HPRegen 1.13/turn    g - ring of protection from cold
MPRegen 0.11/turn

%: no passive effects
@: mighty, heroic, constricted
A: horns 2, retaliatory headbutt
a: Renounce Religion, Heroism


You were on level 8 of the Dungeon.
You worshipped Okawaru.
Okawaru was most pleased with you.
You visited 2 branches of the dungeon, and saw 9 of its levels.

You collected 337 gold pieces.

Inventory:

Hand Weapons
 a - a +0 scimitar (weapon)
 b - a +0 long sword
Armour
 c - a +0 scale mail of willpower
 d - a +0 kite shield (worn)
 A - a +0 plate armour (worn)
Jewellery
 e - a ring of resist corrosion (left hand)
 g - a ring of protection from cold (right hand)
 k - a ring of ice
 p - a ring of willpower
 t - an amulet of regeneration (around neck)
 B - a ring of protection from cold
 D - a +6 ring of strength
Wands
 C - a wand of flame (9)
 E - a wand of paralysis (2)
Scrolls
 h - 4 scrolls of teleportation
 l - 2 scrolls of noise {unknown}
 m - a scroll of acquirement
 n - 2 scrolls of summoning
 r - 4 scrolls of revelation
 s - 4 scrolls of fog {unknown}
 u - 2 scrolls of amnesia
 w - 2 scrolls of vulnerability {unknown}
 x - a scroll of immolation {unknown}
 z - a scroll of blinking
 G - a scroll of poison {unknown}
Potions
 f - a potion of might
 j - 5 potions of enlightenment
 o - 2 potions of invisibility
 q - a potion of lignification
 v - 3 potions of mutation
 F - a potion of magic


   Skills:
 + Level 8.0(13.0) Fighting
 + Level 10.8(15.8) Long Blades
 + Level 8.6(13.6) Armour
 + Level 3.2(8.2) Dodging
 + Level 1.5(6.5) Stealth
 + Level 6.9(11.9) Shields


You had 8 spell levels left.
You didn't know any spells.
Your spell library contained the following spells:

 Spells                   Type           Power      Damage    Failure   Level
 Apportation              Tloc           0%         N/A       100%        1
 Ensorcelled Hibernation  Hex/Ice        0%         N/A       100%        2
 Jinxbite                 Hex            0%         N/A       100%        2
 Fugue of the Fallen      Necr           0%         N/A       100%        3
 Anguish                  Hex/Necr       0%         N/A       100%        4
 Passage of Golubria      Tloc           0%         N/A       100%        4
 Alistair's Intoxication  Alch           0%         N/A       100%        5
 Borgnjor's Vile Clutch   Necr/Erth      0%         N/A       100%        5
 Silence                  Hex/Air        0%         N/A       100%        5
 Lehudib's Crystal Spear  Conj/Erth      0%         10d2      100%        8
 Animate Dead             Necr           Unusable   N/A       N/A         4
 Death Channel            Necr           Unusable   N/A       N/A         6

Dungeon Overview and Level Annotations

Branches:
Dungeon (8/15)             Temple (1/1) D:4
   Lair: D:8-11

Altars:
Ashenzari
Cheibriados
Dithmenos
Elyvilon
Fedhas
Gozag
Hepliaklqana
Kikubaaqudgha
Makhleb
Nemelex Xobeh
Okawaru
Qazlal
Ru
Sif Muna
Trog
Uskayaw
Vehumet
Wu Jian
Xom
Yredelemnul
The Shining One

Annotations:
D:8 Erica


Innate Abilities, Weirdness & Mutations

You have a pair of horns on your head.
You reflexively headbutt those who attack you in melee.


Message History

You slash something! You slash something! Your headbutt misses something.
You hear a zap.
A bolt of light appears from out of thin air!
The bolt of light misses you.
You closely miss something. Your headbutt misses something.
You slice something!!
You hear some strange, mumbled words.
A bolt of poison appears from out of thin air!
The bolt of poison hits you!!
You are poisoned.
You hit something. Your headbutt misses something.
You feel like a meek peon again.
You feel very sick. Something hits you! Something burns you.
* * * LOW HITPOINT WARNING * * *
Something grabs you.
You are constricted.
* * * LOW HITPOINT WARNING * * *
You feel better. Something hits you. Something burns you.
You are constricted.
You feel very mighty all of a sudden.
You hear a zap.
A bolt of light appears from out of thin air!
The bolt of light misses you.
You are constricted.
You gain the combat prowess of a mighty hero.
You can no longer speed up your combat.
Something hits you.
* * * LOW HITPOINT WARNING * * *
Something burns you.
* * * LOW HITPOINT WARNING * * *
You are constricted.
* * * LOW HITPOINT WARNING * * *
You closely miss something. Something hits you.
* * * LOW HITPOINT WARNING * * *
Something burns you.
* * * LOW HITPOINT WARNING * * *
You are constricted.
* * * LOW HITPOINT WARNING * * *
Unknown command.
You slash something! Your headbutt misses something. Something hits you!
You die...

........ .
......#
..###.....#
..........###
........:...
/.........# ##
#....>..<.+ .#
#.........###.#
#.........y{@.#
#...####.yy####
### #........#
#..=.....#
#........#
....####..##
...... ##..#
..... #.# .....
.#


You could see 3 killer bees.

Vanquished Creatures
  A wyvern (D:7)
  6 yaks
  Menkaure (D:5)
  2 water moccasins
  A sky beast (D:7)
  4 black bears
  An ogre (D:5)
  A centaur (D:7)
  2 phantoms (D:6)
  Blork the orc (D:5)
  2 bullfrogs
  2 scorpions
  2 killer bees (D:8)
  A bombardier beetle (D:7)
  A howler monkey (D:7)
  3 jellies
  2 orc priests (D:7)
  A gnoll bouda (D:5)
  3 sleepcaps (D:6)
  4 iguanas
  7 orc wizards
  9 gnolls
  8 adders
  A white imp (D:5)
  3 dart slugs
  A ribbon worm (D:5)
  21 orcs
  8 ball pythons
  4 endoplasms
  2 giant cockroaches
  A goblin (D:3)
  8 hobgoblins
  13 jackals
  2 quokkas (D:4)
  5 bats
  4 frilled lizards
  7 kobolds
  A rat (D:3)
146 creatures vanquished.

Vanquished Creatures (others)
  5 dream sheep (D:7)
5 creatures vanquished.

Grand Total: 151 creatures vanquished

Notes
Turn   | Place    | Note
-------+----------+-------------------------------------------
     0 | D:1      | Peloso the Minotaur Fighter began the quest for the Orb.
     0 | D:1      | Reached XP level 1. HP: 19/19 MP: 0/0
    95 | D:1      | Reached XP level 2. HP: 27/27 MP: 1/1
   432 | D:1      | Reached XP level 3. HP: 32/33 MP: 2/2
   443 | D:1      | Found a faded altar of an unknown god.
  1813 | D:3      | Reached skill level 3 in Long Blades
  1813 | D:3      | Reached XP level 4. HP: 40/40 MP: 3/3
  2571 | D:3      | Identified a scroll of acquirement
  2742 | D:4      | Noticed a scorpion
  2745 | D:4      | Killed a scorpion
  2746 | D:4      | Reached skill level 5 in Armour
  2746 | D:4      | Reached skill level 1 in Dodging
  2746 | D:4      | Reached XP level 5. HP: 36/46 MP: 4/4
  2824 | D:4      | Noticed a black bear
  2835 | D:4      | Killed a black bear
  2836 | D:4      | Reached skill level 4 in Long Blades
  2868 | D:4      | Reached XP level 6. HP: 20/53 MP: 5/5
  3036 | D:4      | Found a staircase to the Ecumenical Temple.
  3051 | Temple   | Entered the Ecumenical Temple
  3126 | Temple   | Became a worshipper of Warmaster Okawaru
  3258 | D:4      | Found a blossoming altar of Fedhas.
  3258 | D:4      | Found a bloodstained altar of Trog.
  3273 | D:4      | Found a shadowy altar of Dithmenos.
  3623 | D:5      | Entered Level 5 of the Dungeon
  3704 | D:5      | Reached skill level 5 in Long Blades
  3823 | D:5      | Noticed Blork the orc
  3841 | D:5      | Killed Blork the orc
  3842 | D:5      | Reached XP level 7. HP: 31/60 MP: 6/6
  3936 | D:5      | Reached skill level 6 in Long Blades
  4087 | D:5      | Noticed Menkaure
  4093 | D:5      | Killed Menkaure
  4093 | D:5      | Reached * piety under Okawaru
  4094 | D:5      | Reached skill level 5 in Shields
  4310 | D:5      | Reached skill level 5 in Fighting
  4318 | D:5      | Reached skill level 7 in Long Blades
  4600 | D:6      | Reached XP level 8. HP: 62/68 MP: 7/7
  4636 | D:6      | Reached ** piety under Okawaru
  4637 | D:6      | Reached skill level 1 in Stealth
  4823 | D:6      | Reached skill level 8 in Long Blades
  4908 | D:6      | Found a snail-covered altar of Cheibriados.
  5428 | D:7      | Reached skill level 9 in Long Blades
  5459 | D:7      | Reached XP level 9. HP: 54/79 MP: 8/8
  5527 | D:7      | Reached *** piety under Okawaru
  5864 | D:7      | Found a shimmering altar of Xom.
  6146 | D:7      | Reached skill level 10 in Long Blades
  6164 | D:7      | Reached **** piety under Okawaru
  6184 | D:8      | Noticed Erica
  6210 | D:8      | Mangled by Erica

Illustrated notes

Levels and vault maps discovered:
D:1:      lemuel_arrival_lava_pool, layout_basic,
          shapermc_ecumenical_altar_mp_highgroup
D:2:      layout_loops_corners
D:3:      layout_basic, kennysheep_minor_cross, serial_park_tiny_2,
          chequers_serial_rivers_micro_b, minmay_misc_feat_alley
D:4:      layout_rooms, mainiacjoe_overflow_alcove_4,
          nicolae_overflow_two_pavilions, minmay_temple_entry_mini_moons
D:5:      layout_basic, minmay_pentangle, uniq_menkaure, uniq_blork_the_orc
D:6:      layout_loops_ring, minmay_ruined_shrine
D:7:      layout_rooms, kb_xom_exploding_sheep
D:8:      layout_basic, zin_purify, minmay_quadrilaterals, uniq_joseph,
          uniq_erica
Temple:   minmay_temple_bridge_d

Skill      XL: |  1  2  3  4  5  6  7  8  9 |
---------------+----------------------------+-----
Armour         | 4 5 6 7 8 |  8.6
Shields        | 4 5 6 |  6.9
Fighting       | 4 5 7 8 |  8.0
Long Blades    | 3 4 5 7 9 10 | 10.8
Dodging        | 1 2 3 |  3.2
Stealth        | 1 |  1.5

Action                     |  1- 3 |  4- 6 |  7- 9 || total
---------------------------+-------+-------+-------++-------
  Melee: Long sword        |    89 |   128 |       ||   217
         Headbutt          |    11 |    14 |    55 ||    80
         Scimitar          |       |       |   272 ||   272
 Invoke: Heroism           |       |       |     2 ||     2
    Use: Potion            |     3 |     1 |     3 ||     7
         Scroll            |     1 |     6 |     2 ||     9
 Armour: Scale mail        |    67 |   118 |    55 ||   240
         Skin              |       |       |     1 ||     1
         Plate armour      |       |       |   118 ||   118
         Chain mail        |       |       |    27 ||    27
  Dodge: Dodged            |    45 |    65 |    78 ||   188
  Block: Buckler           |    19 |    34 |    13 ||    66
         Kite shield       |       |       |    74 ||    74
